 Dungeon Crawl Stone Soup version 0.16.1 (webtiles) character file.

389 Fiveotanaka the Basher (level 6, -1/50 HPs)
             Began as a Minotaur Gladiator on Mar 24, 2015.
             Killed from afar by an orc wizard (12 damage)
             ... with a puff of flame
             ... on level 4 of the Dungeon.
             The game lasted 00:02:58 (1925 turns).

Fiveotanaka the Basher (Minotaur Gladiator)         Turns: 1925, Time: 00:02:58

Health: -1/50      AC:  6    Str: 20    XL:     6   Next: 50%
Magic:  3/3        EV: 11    Int:  5    God:
Gold:   160        SH:  0    Dex: 12    Spells: 0 memorised, 5 levels left

rFire  . . .     SeeInvis .     y - +0 morningstar
rCold  . . .     Clarity  .     e - +0 scale mail
rNeg   . . .     SustAb   .     (no shield)
rPois  .         Gourm    .     c - +0 hat
rElec  .         Spirit   .     (no cloak)
rCorr  .         Warding  .     (no gloves)
rMut   .         Stasis   .     (no boots)
MR     +....                    (no amulet)
Stlth  ..........               t - ring of protection from magic
                                (no ring)

@: somewhat resistant to hostile enchantments, extremely unstealthy
A: retaliatory headbutt, horns 2
a: no special abilities


You were on level 4 of the Dungeon.
You were not hungry.

You visited 1 branch of the dungeon, and saw 4 of its levels.

You collected 160 gold pieces.

Inventory:

Hand weapons
 a - a +0 flail
 y - a +0 morningstar (weapon)
Missiles
 d - 3 throwing nets (quivered)
Armour
 b - a +0 leather armour
 c - a +0 hat (worn)
 e - a +0 scale mail (worn)
Jewellery
 t - a ring of protection from magic (right hand)
 x - an uncursed ring of stealth {unknown}
Magical devices
 o - a wand of frost (25)
Scrolls
 g - a scroll of noise
 j - a scroll of identify
 k - 2 scrolls of teleportation {unknown}
 m - a scroll of enchant armour {unknown}
 p - 2 scrolls of remove curse
 q - 2 scrolls of magic mapping {unknown}
 r - a scroll of fear {unknown}
 s - a scroll of recharging {unknown}
Potions
 h - a potion of haste {unknown}
 i - a potion of resistance {unknown}
 n - 2 potions of restore abilities {unknown}
 w - 2 potions of curing {unknown}
 A - a potion of beneficial mutation {unknown}
Comestibles
 f - 4 bread rations
 l - a meat ration
 u - a beef jerky
 v - a slice of pizza
 z - 4 chunks of flesh


   Skills:
 - Level 2.4 Fighting
 + Level 8.9 Maces & Flails
 - Level 2.0 Throwing
 - Level 3.2 Dodging


You had 5 spell levels left.
You didn't know any spells.

Dungeon Overview and Level Annotations

Branches:
Dungeon (4/15)
 Temple: D:4-7

Altars:
Okawaru

Shops:
D:4 }


Innate Abilities, Weirdness & Mutations

You reflexively headbutt those who attack you in melee.
You have a pair of horns on your head.


Message History

The orc priest hits you with a hand axe.
You hit the orc priest!
You kill the orc priest!
The orc wizard casts a spell at you. The magic dart hits you!
* * * LOW HITPOINT WARNING * * *
You are too injured to fight recklessly!
You are too injured to fight recklessly!
You closely miss the orc wizard. The orc wizard casts a spell at you.
The puff of frost misses you.
Your scale mail prevents you from hitting the orc wizard.
You headbutt the orc wizard.
The orc wizard is moderately wounded.
The orc wizard hits you but does no damage.
You closely miss the orc wizard. Your headbutt misses the orc wizard.
The orc wizard is moderately wounded.
The orc wizard casts a spell at you. The puff of flame hits you!
You die...

#....#
.##.....).#.###.##.##.##)#
.#.## .
####....#.....##.##.##.#
..... #.#######........>...
#.
.########....#....#########.#
...# #.........#.#######
#..... .. #.###..#..#.# .....
#.##.# #.......##.....## #..
#.##.#.........# ##.
#.#.)@.[.......##.###.
..#.##o.#......##.....
##.###.##..#.##### #####.
#..........#.# ##..
.....##.###.#.# #... ####
#.###.#.# #... #.......# #...
#####.### ##).
#.#############.


You could see an orc wizard.

Vanquished Creatures
  An ogre (D:4)
  Sigmund (D:3)
  2 orc priests (D:4)
  An iguana (D:3)
  A gnoll (D:3)
  Robin (D:4)
  2 adders
  A worm (D:3)
  2 giant mites
  8 orcs
  9 bats
  3 giant cockroaches (D:1)
  17 goblins
  10 hobgoblins
  3 quokkas
  4 giant geckos
  A giant newt (D:1)
  6 kobolds
  6 rats
79 creatures vanquished.

Notes
Turn   | Place    | Note
--------------------------------------------------------------
     0 | D:1      | Fiveotanaka, the Minotaur Gladiator, began the quest for the Orb.
     0 | D:1      | Reached XP level 1. HP: 18/18 MP: 1/1
    52 | D:1      | Reached skill level 4 in Maces & Flails
   119 | D:1      | Reached XP level 2. HP: 25/25 MP: 1/1
   541 | D:2      | Reached skill level 5 in Maces & Flails
   652 | D:2      | Reached XP level 3. HP: 27/30 MP: 2/2
   998 | D:3      | Noticed Sigmund
  1015 | D:3      | Killed Sigmund
  1015 | D:3      | Reached skill level 6 in Maces & Flails
  1015 | D:3      | Reached XP level 4. HP: 9/37 MP: 2/2
  1281 | D:3      | Reached XP level 5. HP: 42/42 MP: 2/2
  1299 | D:3      | Reached skill level 7 in Maces & Flails
  1678 | D:3      | Found an iron altar of Okawaru.
  1711 | D:4      | Noticed an ogre
  1720 | D:4      | Killed an ogre
  1720 | D:4      | Reached skill level 8 in Maces & Flails
  1720 | D:4      | Reached XP level 6. HP: 29/50 MP: 3/3
  1755 | D:4      | Found Gomenebb's Gadget Boutique.
  1766 | D:4      | Noticed Robin
  1775 | D:4      | Killed Robin
  1925 | D:4      | Killed from afar by an orc wizard

Action                   |  1- 3 |  4- 6 || total
-------------------------+-------+-------++-------
Melee: Flail             |    77 |    94 ||   171
       Morningstar       |       |     6 ||     6
  Use: Scroll            |       |     3 ||     3
  Eat: Meat ration       |     1 |       ||     1
